 Dungeon Crawl Stone Soup version 0.25-a0-734-g73332aeda9 (webtiles) character file.

Game seed: 10689165553924887722, levelgen mode: deterministic

2400 Error4North the Ruffian (level 9, -11/72 HPs)
             Began as a Black Draconian Transmuter on Mar 30, 2020.
             Was a Follower of Sif Muna.
             Mangled by a hornet (16 damage)
             ... while paralysed by a hornet
             ... on level 8 of the Dungeon on Apr 10, 2020.
             The game lasted 00:47:33 (9508 turns).

Error4North the Ruffian (DrTm)                      Turns: 9508, Time: 00:47:34

Health: -11/72     AC:  8    Str: 13    XL:     9   Next: 23%
Magic:  14/14      EV:  2    Int: 16    God:    Sif Muna [*.....]
Gold:   453        SH:  0    Dex: 14    Spells: 8/15 levels left

rFire    . . .     SeeInvis +     - Unarmed
rCold    . . .     Gourm    .   (no shield)
rNeg     . . .     Faith    .   (armour unavailable)
rPois    .         Spirit   .   (helmet restricted)
rElec    +         Reflect  .   (no cloak)
rCorr    .         Harm     .   (no gloves)
MR       .....                  m - +0 pair of boots
Stlth    +++.......             v - amulet of the acrobat
HPRegen  0.22/turn              t - +2 ring of dexterity
MPRegen  0.14/turn              x - ring of see invisible

@: paralysed, lethally poisoned (-11 -> -17), appendage, slowed
A: breathe lightning, unfitting armour, horns 2, electricity resistance,
cold-blooded, AC +7
a: Breathe Lightning, End Transformation, Channel Magic, Renounce Religion


You were on level 8 of the Dungeon.
You worshipped Sif Muna.
Sif Muna was aware of your devotion.
You were not hungry.
You had grown temporary horns.
You visited 2 branches of the dungeon, and saw 9 of its levels.
You also visited: Sewer.

You collected 453 gold pieces.

Inventory:

Missiles
 a - 38 arrows
 q - 3 boomerangs (quivered)
Armour
 m - a +0 pair of boots (worn)
Jewellery
 t - a +2 ring of dexterity (left hand)
 v - an amulet of the acrobat (around neck)
 x - a ring of see invisible (right hand)
Scrolls
 b - 2 scrolls of identify
 f - 2 scrolls of magic mapping {unknown}
 h - 6 scrolls of teleportation
 i - 2 scrolls of remove curse
 k - a scroll of blinking {unknown}
 o - 6 scrolls of fear {unknown}
 r - a scroll of amnesia {unknown}
 w - a scroll of random uselessness {unknown}
 y - 3 scrolls of fog {unknown}
 A - 4 scrolls of enchant weapon {unknown}
Potions
 d - 2 potions of flight
 e - a potion of berserk rage {unknown}
 g - a potion of invisibility {unknown}
 j - 3 potions of haste {unknown}
 l - a potion of magic {unknown}
 n - 3 potions of curing
 p - 2 potions of ambrosia {unknown}
 s - 2 potions of might {unknown}
 u - 3 potions of lignification {unknown}
 z - a potion of degeneration {unknown}
Comestibles
 c - 5 rations
 B - 5 chunks of flesh


   Skills:
 * Level 4.4 Fighting
 + Level 1.0 Throwing
 * Level 5.3 Dodging
 * Level 4.1 Stealth
 + Level 6.4 Unarmed Combat
 + Level 3.8 Spellcasting
 * Level 5.1 Transmutations
 * Level 3.6 Poison Magic


You had 8 spell levels left.
You knew the following spells:

 Your Spells              Type           Power        Failure   Level  Hunger
a - Beastly Appendage     Tmut           ###...       1%          1    None
b - Sticks to Snakes      Tmut           ###.....     3%          2    ##.....
c - Spider Form           Tmut/Pois      ###.......   9%          3    ###....
d - Corona                Hex            #......      17%         1    None

Your spell library contained the following spells:

 Spells                   Type           Power        Failure   Level  Hunger
 Ensorcelled Hibernation  Hex/Ice        #.....       26%         2    ##.....
 Confusing Touch          Hex            #.......     45%         3    ###....
 Dazzling Flash           Conj/Hex       #.....       45%         3    ###....
 Tukima's Dance           Hex            #.......     45%         3    ###....
 Blade Hands              Tmut           ###.......   50%         5    ######.
 Ice Form                 Ice/Tmut       ##......     52%         4    ####...


Dungeon Overview and Level Annotations

Branches:
Dungeon (8/15)             Temple (1/1) D:4           Sewer (visited)
   Lair: D:8-11

Altars:
Ashenzari
Cheibriados
Dithmenos
Elyvilon
Fedhas
Gozag
Hepliaklqana
Kikubaaqudgha
Makhleb
Nemelex Xobeh
Okawaru
Qazlal
Ru
Sif Muna
Trog
Uskayaw
Wu Jian
Xom
Yredelemnul
Zin
The Shining One

Annotations:
D:3 1 runed translucent door, erdraug's ghost, amateur TeAE


Innate Abilities, Weirdness & Mutations

You can breathe wild blasts of lightning.
Your glossy black scales are hard. (AC +7)
You cannot fit into any form of body armour.
You are resistant to electric shocks. (rElec)
You are cold-blooded and may be slowed by cold attacks.
You have a pair of horns on your head.


Message History

You are more poisoned.
You feel yourself slow down. The hornet closely misses you. x2
You closely miss the hornet.
You headbutt the hornet, but do no damage.
The hornet is moderately wounded.
You feel sick. The hornet barely misses you. The hornet stings you!
* * * LOW HITPOINT WARNING * * *
You feel as though you will be slow longer.
You barely miss the hornet. Your headbutt misses the hornet.
The hornet is moderately wounded.
You feel sick.
The hornet stings you but does no damage.
The hornet barely misses you.
You hit the hornet but do no damage.
The hornet is moderately wounded.
You feel sick. The hornet misses you. The hornet stings you.
* * * LOW HITPOINT WARNING * * *
You suddenly lose the ability to move!
The hornet stings you!
You die...

########### ##
#.........# ... #######
#.........#....
#......###.........#....
##.#.@y......[.......
##...##÷....>.....# . .
##......(...÷......#....
##.......................
#(.......?...............
#......÷.............####
#...............#.##..#
##...........##.#.# #...
##...##.....##...##....#


You could see a hornet.

Vanquished Creatures
  3 sky beasts
  2 black bears (D:7)
  A necrophage (D:6)
  A phantom (D:6)
  An ice beast (D:7)
  2 big kobolds (Sewer)
  4 bullfrogs
  3 scorpions
  3 killer bees
  A bullfrog zombie (D:3)
  A centaur zombie (D:5)
  3 crimson imps
  A quasit (D:5)
  4 orc priests
  2 hounds
  A jelly (D:7)
  A centaur skeleton (D:5)
  An iguana (D:6)
  2 worker ants (D:7)
  5 orc wizards
  A hound skeleton (D:6)
  A howler monkey zombie (D:6)
  A gnoll (D:3)
  12 adders
  A river rat (Sewer)
  5 oozes
  An adder skeleton (D:6)
  5 worms
  3 dart slugs
  8 leopard geckos
  21 orcs
  8 bats
  7 giant cockroaches
  9 goblins
  13 hobgoblins
  10 jackals
  3 quokkas
  7 ball pythons
  5 frilled lizards
  11 kobolds
  A leopard gecko skeleton (D:7)
  9 rats
184 creatures vanquished.

Vanquished Creatures (collateral kills)
  A scorpion (D:6)
1 creature vanquished.

Grand Total: 185 creatures vanquished

Notes
Turn   | Place    | Note
-------+----------+-------------------------------------------
     0 | D:1      | Error4North the Draconian Transmuter began the quest for
                  | the Orb.
     0 | D:1      | Reached XP level 1. HP: 16/16 MP: 3/3
   235 | D:1      | Reached XP level 2. HP: 22/23 MP: 3/5
   635 | D:1      | Reached XP level 3. HP: 28/28 MP: 4/6
   665 | D:1      | Reached skill level 1 in Stealth
  1402 | D:2      | Learned a level 2 spell: Sticks to Snakes
  1406 | D:2      | Learned a level 3 spell: Spider Form
  1583 | D:2      | Reached XP level 4. HP: 34/36 MP: 5/7
  2347 | D:3      | Found a runed translucent door,
  2349 | D:3      | Noticed erdraug's ghost (amateur TeAE)
  2548 | D:3      | Found a faded altar of an unknown god,
  2822 | D:3      | Reached XP level 5. HP: 27/41 MP: 6/8
  3115 | D:3      | Reached skill level 1 in Poison Magic
  3349 | D:3      | Reached skill level 4 in Unarmed Combat
  3984 | D:4      | Found a staircase to the Ecumenical Temple,
  3990 | Temple   | Entered the Ecumenical Temple
  4226 | D:5      | Entered Level 5 of the Dungeon
  4259 | D:5      | Found a glowing drain,
  4280 | Sewer    | Entered a sewer
  4292 | Sewer    | Reached XP level 6. HP: 44/49 MP: 7/9
  4957 | D:5      | Upgraded the game from 0.25-a0-690-g234afa57d4 to
                  | 0.25-a0-730-g633e9c3c14
  5098 | D:5      | Your scales start taking on a glossy black colour.
  5098 | D:5      | Reached XP level 7. HP: 49/56 MP: 9/11
  5098 | D:5      | Gained mutation: You are resistant to electric shocks.
                  | (rElec) [Black Draconian growth]
  5794 | D:6      | Upgraded the game from 0.25-a0-730-g633e9c3c14 to
                  | 0.25-a0-734-g73332aeda9
  5831 | D:6      | Reached skill level 5 in Unarmed Combat
  5839 | D:6      | Found a white marble altar of Elyvilon.
  5839 | D:6      | Found a shattered altar of Ashenzari.
  5845 | D:6      | Found a shimmering blue altar of Sif Muna.
  5852 | D:6      | Became a worshipper of Sif Muna the Loreminder
  5890 | D:6      | Found a glowing silver altar of Zin.
  6150 | D:6      | Found a blossoming altar of Fedhas.
  6193 | D:6      | Reached XP level 8. HP: 43/62 MP: 12/12
  6890 | D:6      | Found a bloodstained altar of Trog.
  7576 | D:7      | Learned a level 1 spell: Corona
  7704 | D:7      | Reached skill level 6 in Unarmed Combat
  7937 | D:7      | Found an iron altar of Okawaru.
  8389 | D:7      | Reached * piety under Sif Muna
  8389 | D:7      | Reached skill level 1 in Throwing
  8389 | D:7      | Reached skill level 5 in Dodging
  8647 | D:7      | Found an ornate altar of the Wu Jian Council.
  8963 | D:7      | Reached XP level 9. HP: 20/71 MP: 12/14
  9410 | D:8      | Reached skill level 5 in Transmutations
  9507 | D:8      | Paralysed by a hornet for 3 turns
  9508 | D:8      | Mangled by a hornet

Levels and vault maps discovered:
D:1:      dpeg_arrival_arbitrary_a, layout_basic
D:2:      layout_basic, serial_rivers, chequers_serial_rivers_micro_b,
          chequers_serial_rivers_micro_d, chequers_serial_rivers_large_b,
          chequers_serial_rivers_small_3, chequers_serial_rivers_micro_a,
          first_ration
D:3:      minmay_razor_zed, layout_loops_cross, ebering_ghost_inner_flame,
          chequers_ecumenical_altar_simple, kennysheep_potato
D:4:      layout_loops_ring, temple_green, minmay_goblin_kobold_house
D:5:      layout_loops_cross, gup_sewer_entry_pipe
D:6:      layout_cave_pools, old_standard_altar, nicolae_overflow_crystal_walls,
          lightli_temple_of_fire, old_standard_altar,
          gammafunk_temple_overflow_elements
D:7:      layout_loops_ring, kennysheep_mini_moat, lemuel_doored_altar,
          minmay_quadrilaterals
D:8:      layout_rooms, grunt_ogre_cave
Temple:   nicolae_temple_god_jail

Skill      XL: |  1  2  3  4  5  6  7  8  9 |
---------------+----------------------------+-----
Dodging        | 2 3 4 5 |  5.3
Stealth        | 1 2 3 4 |  4.1
Fighting       | 2 3 4 |  4.4
Poison Magic   | 1 2 3 |  3.6
Unarmed Combat | 4 5 6 |  6.4
Transmutations | 3 4 5 |  5.1
Spellcasting   | 3 |  3.8
Throwing       | 1 |  1.0

Action                   |  1- 3 |  4- 6 |  7- 9 || total
-------------------------+-------+-------+-------++-------
Melee: Unarmed           |   118 |   380 |   451 ||   949
       Kick              |    10 |    24 |    31 ||    65
       Tailslap          |    17 |    38 |    47 ||   102
       Headbutt          |     6 |    22 |    28 ||    56
       Punch             |     2 |     4 |     7 ||    13
Throw: Stone             |     1 |       |       ||     1
       Boomerang         |       |    25 |    11 ||    36
 Cast: Beastly Appendage |    19 |    39 |    42 ||   100
       Sticks to Snakes  |       |       |    12 ||    12
       Corona            |       |       |     2 ||     2
 Abil: Breathe Lightning |       |       |     2 ||     2
       End Transformatio |       |       |     1 ||     1
  Use: Scroll            |       |     4 |     2 ||     6
       Potion            |       |     1 |     7 ||     8
 Stab: Sleeping          |       |     5 |     3 ||     8
  Eat: Chunk             |     3 |     9 |     7 ||    19
       Ration            |       |     1 |     3 ||     4
Armor: Skin              |    42 |   111 |   135 ||   288
Dodge: Dodged            |    79 |   241 |   402 ||   722

Table legend:
 A = Non-vault XP
 B = Vault XP
 C = Vault XP percentage of total XP
 D = Non-vault monster count
 E = Vault monster count
 F = Vault count percentage of total count
                 A         B        C        D         E       F
            +---------+---------+-------+---------+---------+-------
      Total |    2992 |     437 |  12.7 |     140 |      45 |  24.3
            +---------+---------+-------+---------+---------+-------
        D:1 |      45 |       0 |   0.0 |      22 |       0 |   0.0
        D:2 |      67 |       0 |   0.0 |      17 |       0 |   0.0
        D:3 |     201 |      39 |  16.2 |      26 |      14 |  35.0
        D:4 |       8 |       6 |  42.9 |       2 |       3 |  60.0
        D:5 |     382 |      12 |   3.0 |      21 |       5 |  19.2
        D:6 |     781 |       0 |   0.0 |      18 |       0 |   0.0
        D:7 |    1298 |      79 |   5.7 |      29 |       2 |   6.5
        D:8 |     210 |       0 |   0.0 |       5 |       0 |   0.0
      Sewer |       0 |     301 | 100.0 |       0 |      21 | 100.0
            +---------+---------+-------+---------+---------+-------
